 Dungeon Crawl Stone Soup version 0.26.1-11-gd32895ea62 (webtiles) character file.

Game seed: 6456269678863175452

16088 Zeld the Geomancer (level 12, 23/72 HPs)
             Began as a Gargoyle Earth Elementalist on Aug 6, 2021.
             Was an Initiate of Gozag.
             Quit the game on level 12 of the Dungeon on Aug 9, 2021.
             The game lasted 00:26:30 (20673 turns).

Zeld the Geomancer (Gargoyle Earth Elementalist)   Turns: 20673, Time: 00:26:31

Health: 23/72      AC: 18    Str: 14    XL:     12   Next: 33%
Magic:  0/24       EV: 14    Int: 19    God:    Gozag
Gold:   352        SH:  5    Dex: 10    Spells: 13/28 levels left

rFire    . . .     SeeInvis .   a - +3 whip (venom)
rCold    . . .     Faith    .   (no shield)
rNeg     + . .     Spirit   .   c - +0 robe
rPois    ∞         Reflect  +   w - +1 helmet
rElec    +         Harm     .   (no cloak)
rCorr    .         Rampage  .   p - +2 pair of gloves
Will     .....                  B - +2 pair of boots
Stlth    ++++......             K - amulet of reflection
HPRegen  0.22/turn              M - ring of wizardry
MPRegen  0.19/turn              (no ring)

@: gold aura, hasted, very quick
A: negative energy resistance 1, electricity resistance, unbreathing,
petrification resistance, miasma immunity, AC +8
a: Renounce Religion, Potion Petition, Call Merchant, Bribe Branch


You were on level 12 of the Dungeon.
You worshipped Gozag.
Gozag was aware of your devotion.
You visited 2 branches of the dungeon, and saw 13 of its levels.
You also visited: Ossuary and Bailey.

You collected 2671 gold pieces.
You spent 463 gold pieces at shops.
You paid 1856 gold pieces to Gozag.

Inventory:

Hand Weapons
 a - a +3 whip of venom (weapon)
Missiles
 b - 116 stones (quivered)
Armour
 c - a +0 robe (worn)
 p - a +2 pair of gloves (worn)
 w - a +1 helmet (worn)
 B - a +2 pair of boots (worn)
 E - a +2 kite shield
Jewellery
 n - a +4 ring of evasion {unknown}
 D - an uncursed ring of protection from fire
 K - an amulet of reflection (around neck)
 M - a ring of wizardry (left hand)
Wands
 f - a wand of paralysis (10)
 q - a wand of disintegration (7)
 v - a wand of flame (20)
 A - a wand of iceblast (4)
 F - a wand of acid (5)
Scrolls
 d - a scroll of summoning
 i - 8 scrolls of remove curse
 o - 5 scrolls of blinking
 x - 4 scrolls of teleportation
 z - 3 scrolls of fear
 G - 2 scrolls of amnesia
Potions
 e - a potion of heal wounds
 g - a potion of haste {unknown}
 h - a potion of berserk rage
 j - a potion of experience {unknown}
 k - a potion of might {unknown}
 l - 10 potions of curing
 m - 2 potions of magic {unknown}
 r - 2 potions of invisibility {unknown}
 s - a potion of flight {unknown}
 t - a potion of cancellation {unknown}
 u - 2 potions of lignification {unknown}
 H - a potion of brilliance {unknown}
 L - a potion of degeneration {unknown}


   Skills:
 + Level 7.0 Fighting
 + Level 5.6 Dodging
 + Level 8.2 Stealth
 * Level 7.8 Shields
 * Level 8.9 Spellcasting
 + Level 6.9 Conjurations
 - Level 1.0 Transmutations
 * Level 11.5 Earth Magic


You had 13 spell levels left.
You knew the following spells:

 Your Spells              Type           Power        Failure   Level
a - Sandblast             Erth           100%         1%          1
b - Passwall              Tmut/Erth      26%          1%          2
c - Stone Arrow           Conj/Erth      86%          1%          3
d - Petrify               Tmut/Erth      32%          2%          4
e - Lee's Rapid Deconstr  Erth           25%          1%          5

Your spell library contained the following spells:

 Spells                   Type           Power        Failure   Level
 Freeze                   Ice            32%          3%          1
 Summon Small Mammal      Summ           32%          3%          1
 Call Imp                 Summ           8%           5%          2
 Hailstorm                Conj/Ice       21%          9%          4
 Call Canine Familiar     Summ           8%           11%         3
 Frozen Ramparts          Ice            16%          11%         3
 Ozocubu's Armour         Ice            8%           11%         3
 Summon Guardian Golem    Hex/Summ       8%           11%         3
 Summon Ice Beast         Ice/Summ       8%           32%         4
 Summon Lightning Spire   Summ/Air       8%           32%         4


Dungeon Overview and Level Annotations

Branches:
Dungeon (12/15)            Temple (1/1) D:6             Orc (0/2) D:11
Ossuary (visited)          Bailey (visited)
   Lair: D:8-11

Altars:
Ashenzari
Cheibriados
Dithmenos
Elyvilon
Fedhas
Gozag
Hepliaklqana
Kikubaaqudgha
Makhleb
Nemelex Xobeh
Okawaru
Qazlal
Ru
Sif Muna
Trog
Uskayaw
Vehumet
Wu Jian
Xom
Yredelemnul
Zin
The Shining One

Shops:
D:4 *   D:7 !   D:11 :

Annotations:
D:10 exclusions: 3 death yaks, hell rat, quokka and 2 river rats


Innate Abilities, Weirdness & Mutations

You are resistant to torment.
Your stone body is resilient. (AC +8)
You are immune to poison.
You resist negative energy. (rN+)
You are resistant to electric shocks. (rElec)
You can survive without breathing.
You are immune to petrification.
You are immune to miasma.


Message History

The blast of sand hits the wight!
The wight is heavily damaged.
b - 117 stones The wight hits you but does no damage.
You block the wight's attack.
Unknown command.
You see here a flail.
Casting: Sandblast (safe; 1% risk of failure)
Confirm with . or Enter, or press ? or * to list all spells.
Aiming: Sandblast (safe; 1% risk of failure)
Press: ? - help, Shift-Dir - straight line, f/p - wight
Aim: a wight, wielding a +0 short sword and wearing a +0 robe (heavily damaged, 16% to evade)
The blast of sand hits the wight!
You destroy the wight!
b - 116 stones You are too injured to fight recklessly!
You are too injured to fight recklessly!
Unknown command.
You are too injured to fight recklessly!
You are too injured to fight recklessly!
Are you sure you want to abandon this character and quit the game? (Confirm with "yes".)

#..................#
##..............##.##
#...##.##.....#.# .#
#.#.##.#.....#
#.#.##.....#.
#.#.##.... .# $
#.#.##...# ..##
#$..##..##.....
#......@......#
#$.........##.#
#...$z.....#
###.$..##.####
###....)....# $
#.).#.z.#####
#.....### #######


You could see 2 wights.

Vanquished Creatures
  2 boulder beetles
  2 two-headed ogres (D:10)
  Pikel (D:9)
  An orc knight (Bailey)
  A cyclops (D:12)
  3 ugly things
  Joseph (D:7)
  A gargoyle (D:10)
  Maggie (D:6)
  3 trolls
  A hornet (D:11)
  A meliai zombie (D:12)
  A spriggan (D:10)
  A wraith (D:10)
  14 yaks
  A steam dragon (D:11)
  3 sky beasts
  13 orc warriors
  6 ice beasts
  A phantom (D:9)
  3 black bears
  A necrophage (D:12)
  An eye of draining (D:10)
  3 ogres
  5 centaurs
  2 lemures (D:9)
  A big kobold (D:7)
  8 bullfrogs
  5 scorpions
  7 killer bees
  7 wights
  A howler monkey (D:5)
  A centaur zombie (Ossuary)
  A bullfrog zombie (D:9)
  6 hounds
  A quasit (D:7)
  A human zombie (D:5)
  4 orc wizards
  A gnoll shaman (D:8)
  5 orc priests
  3 bullfrog skeletons
  2 centaur skeletons
  Natasha (thrice) (D:4)
  2 human skeletons (D:5)
  9 worker ants
  5 iguanas
  2 big kobold zombies (Ossuary)
  A hound zombie (D:8)
  3 hound skeletons
  2 mummies (Ossuary)
  A worker ant zombie (D:5)
  7 gnolls
  5 adders
  A howler monkey skeleton (D:6)
  4 shadow imps
  4 white imps
  4 ufetubi
  2 oozes
  A worm (D:2)
  A dart slug (D:1)
  2 leopard geckos
  45 orcs
  3 ball pythons
  2 bats
  6 giant cockroaches
  11 goblins
  9 hobgoblins
  16 jackals
  A quokka (D:10)
  6 frilled lizards
  3 gnoll zombies (Ossuary)
  2 goblin zombies (Ossuary)
  5 hobgoblin zombies (Ossuary)
  A jackal skeleton (D:4)
  5 kobolds
  2 leopard gecko skeletons
  A leopard gecko zombie (D:8)
  2 orc skeletons (D:5)
  2 orc zombies
  A quokka zombie (D:8)
  4 rats
313 creatures vanquished.

Notes
Turn   | Place    | Note
-------+----------+-------------------------------------------
     0 | D:1      | Zeld the Gargoyle Earth Elementalist began the quest for
                  | the Orb.
     0 | D:1      | Reached XP level 1. HP: 10/10 MP: 3/3
    96 | D:1      | Reached XP level 2. HP: 4/15 MP: 0/5
   590 | D:1      | Learned a level 2 spell: Passwall
   631 | D:1      | Reached skill level 1 in Transmutations
   631 | D:1      | Reached skill level 4 in Earth Magic
   631 | D:1      | Reached XP level 3. HP: 20/20 MP: 3/6
   638 | D:1      | Learned a level 3 spell: Stone Arrow
   868 | D:1      | Reached skill level 1 in Fighting
  1242 | D:2      | Found a faded altar of an unknown god.
  1424 | D:2      | Reached XP level 4. HP: 21/25 MP: 3/7
  2151 | D:2      | Found a shimmering altar of Xom.
  2152 | D:2      | Found a hazy altar of Hepliaklqana.
  2153 | D:2      | Noticed a spectral ugly thing
  3970 | D:4      | Reached XP level 5. HP: 24/29 MP: 0/9
  3975 | D:4      | Learned a level 4 spell: Petrify
  4056 | D:4      | Reached skill level 1 in Conjurations
  4211 | D:4      | Found a white marble altar of Elyvilon.
  4232 | D:4      | Noticed Natasha
  4239 | D:4      | Killed Natasha
  4309 | D:4      | Found Opney's Assorted Antiques.
  4312 | D:4      | Noticed Natasha
  4319 | D:4      | Killed Natasha
  4320 | D:4      | Reached skill level 5 in Earth Magic
  4320 | D:4      | Reached XP level 6. HP: 35/35 MP: 6/11
  4364 | D:4      | Bought a glowing inky potion for 21 gold pieces
  4364 | D:4      | Bought a murky cyan potion for 21 gold pieces
  4364 | D:4      | Bought a green potion for 21 gold pieces
  4364 | D:4      | Bought a green potion for 21 gold pieces
  4364 | D:4      | Bought a scroll labelled NISUORHYM TUCSEPA for 24 gold
                  | pieces
  4390 | D:4      | Found an opulent altar of Gozag.
  4446 | D:4      | Noticed Natasha
  4453 | D:4      | Killed Natasha
  4846 | D:4      | Bought a pair of gloves for 108 gold pieces
  5204 | D:5      | Entered Level 5 of the Dungeon
  5274 | D:5      | Reached XP level 7. HP: 33/40 MP: 2/12
  5509 | D:5      | Found a sand-covered staircase.
  5609 | Ossuary  | Entered an ossuary
  6172 | D:4      | Became a worshipper of Gozag Ym Sagoz the Greedy
  6334 | D:5      | Reached skill level 6 in Earth Magic
  6942 | D:6      | Reached XP level 8. HP: 46/46 MP: 8/14
  7006 | D:6      | Noticed Maggie
  7012 | D:6      | Killed Maggie
  7219 | D:6      | Reached skill level 5 in Spellcasting
  7223 | D:5      | Reached skill level 7 in Earth Magic
  8050 | D:6      | Found a staircase to the Ecumenical Temple.
  8059 | D:6      | Learned a level 5 spell: Lee's Rapid Deconstruction
  8067 | Temple   | Entered the Ecumenical Temple
  8693 | D:6      | Reached skill level 5 in Stealth
  8707 | D:6      | Reached XP level 9. HP: 41/52 MP: 1/17
  9527 | D:7      | Reached skill level 8 in Earth Magic
  9770 | D:7      | Noticed a green ugly thing
  9802 | D:6      | Reached skill level 1 in Shields
 10411 | D:7      | Killed a green ugly thing
 10832 | D:7      | Found a shadowy altar of Dithmenos.
 10902 | D:7      | Noticed Joseph
 10918 | D:7      | Killed Joseph
 11102 | D:7      | Reached XP level 10. HP: 54/58 MP: 19/19
 11113 | D:7      | Bought a potion of heal wounds for 65 gold pieces
 11113 | D:7      | Bought a potion of curing for 39 gold pieces
 11113 | D:7      | Bought a potion of heal wounds for 65 gold pieces
 11113 | D:7      | Bought a potion of curing for 39 gold pieces
 11113 | D:7      | Bought a potion of curing for 39 gold pieces
 11325 | D:8      | Reached skill level 9 in Earth Magic
 11363 | D:8      | Found a basalt altar of Yredelemnul.
 11553 | D:8      | Reached skill level 5 in Fighting
 12414 | D:8      | Found an ornate altar of the Wu Jian Council.
 12419 | D:8      | Reached skill level 5 in Conjurations
 12572 | D:9      | Noticed Pikel
 12594 | D:9      | Killed Pikel
 13892 | D:9      | Reached skill level 5 in Shields
 13952 | D:10     | Entered Level 10 of the Dungeon
 13970 | D:10     | Noticed a death yak
 13972 | D:10     | Noticed a death yak
 13972 | D:10     | Noticed a death yak
 14062 | D:10     | Noticed a two-headed ogre
 14062 | D:10     | Noticed a gargoyle
 14087 | D:10     | Killed a gargoyle
 14091 | D:10     | Killed a two-headed ogre
 14092 | D:10     | Reached skill level 10 in Earth Magic
 14092 | D:10     | Reached XP level 11. HP: 64/64 MP: 1/22
 14220 | D:10     | Noticed a two-headed ogre
 14228 | D:10     | Killed a two-headed ogre
 15779 | D:11     | Found a staircase to the Orcish Mines.
 15957 | D:11     | Found a flagged portal.
 15967 | Bailey   | Entered a bailey
 16246 | Bailey   | Reached skill level 5 in Dodging
 17026 | Bailey   | Noticed an orc knight
 17033 | Bailey   | Killed an orc knight
 18555 | D:11     | Noticed a boulder beetle
 18585 | D:11     | Killed a boulder beetle
 18586 | D:11     | Reached skill level 11 in Earth Magic
 19393 | D:11     | Reached XP level 12. HP: 71/71 MP: 11/24
 20609 | D:12     | Noticed a boulder beetle
 20653 | D:12     | Killed a boulder beetle
 20673 | D:12     | Quit the game

Illustrated notes

Levels and vault maps discovered:
D:1:      amcnicky_arrival_flooded_fountain, layout_rooms
D:2:      layout_basic, regret_index_temple_of_mockery,
          chequers_ecumenical_altar_simple_redux
D:3:      layout_loops_ring
D:4:      layout_loops_ring, lemuel_doored_altar, serial_shops,
          nicolae_shop_overgrown_old_shop, elyvilon_altar_4, uniq_natasha
D:5:      layout_loops_ring, nicolae_ossuary_entry_catacombs
D:6:      layout_basic, minmay_temple_entry_sparse_star, uniq_maggie
D:7:      hangedman_cross_stitches, layout_rooms, lemuel_crystal_altar,
          uniq_joseph
D:8:      layout_rooms, lemuel_round_altar, basic_altar, grunt_ministairs_4
D:9:      layout_roguey, uniq_pikel
D:10:     layout_cross, dpeg_lair_monsters, the_bakery
D:11:     layout_small_grid, orc_0_dummy, enter_bailey_4
D:12:     layout_rooms, minivault_10
Temple:   minmay_crystal_spiral_temple

Skill      XL: |  1  2  3  4  5  6  7  8  9 10 11 12 |
---------------+-------------------------------------+-----
Transmutations | 1 |  1.0
Earth Magic    | 4 5 6 7 8 10 11 | 11.5
Fighting       | 1 2 3 4 5 6 7 |  7.0
Dodging        | 2 3 4 5 |  5.6
Spellcasting   | 3 4 5 6 7 8 |  8.9
Conjurations   | 1 2 3 4 5 6 |  6.9
Stealth        | 3 4 5 6 7 8 |  8.2
Shields        | 3 5 7 |  7.8

Action                   |  1- 3 |  4- 6 |  7- 9 | 10-12 || total
-------------------------+-------+-------+-------+-------++-------
Melee: Unarmed           |     3 |       |       |       ||     3
       Whip              |       |    43 |    72 |   267 ||   382
 Cast: Sandblast         |    43 |    85 |    75 |    15 ||   218
       Stone Arrow       |       |       |    99 |   265 ||   364
       Lee's Rapid Decon |       |       |       |    13 ||    13
Invok: Call Merchant     |       |       |     1 |     1 ||     2
       Potion Petition   |       |       |       |     1 ||     1
Evoke: Wand              |       |       |       |     3 ||     3
  Use: Scroll            |       |       |       |    19 ||    19
       Potion            |       |       |       |     2 ||     2
 Stab: Sleeping          |       |       |     1 |     4 ||     5
Armor: Robe              |    11 |    29 |    66 |   205 ||   311
Dodge: Dodged            |    22 |    57 |   117 |   375 ||   571
Block: Other             |       |       |       |    97 ||    97
       Reflection        |       |       |       |     6 ||     6
